 Dungeon Crawl Stone Soup version 0.29-a0-823-gc37b1572da (webtiles) character file.

Game seed: 14499613265378234341

93 zishaf the Shooter (level 4, -4/38 HPs)
             Began as a Demigod Hunter on July 8, 2022.
             Slain by a water moccasin (5 damage)
             ... in a sewer.
             The game lasted 00:03:00 (2061 turns).

zishaf the Shooter (Demigod Hunter)                 Turns: 2061, Time: 00:03:00

Health: -4/38      AC:  7    Str: 12    XL:     4   Next: 15%
Magic:  6/6        EV: 11    Int: 11    God:
Gold:   48         SH:  0    Dex: 21    Spells: 3/3 levels left

rFire   . . .      SeeInvis .   a - +0 shortbow
rCold   . . .      Faith    .   (shield currently unavailable)
rNeg    . . .      Spirit   .   k - +0 ring mail
rPois   .          Reflect  .   m - +0 helmet
rElec   .          Harm     .   (no cloak)
rCorr   .          Rampage  .   (no gloves)
Will    .....                   j - +0 pair of boots
Stlth   +.........              (no amulet)
HPRegen 0.12/turn               (no ring)
MPRegen 0.10/turn               (no ring)

@: lethally poisoned (-4 -> -22), hasted, very quick
A: high MP 1, forlorn, divine attributes
a: no special abilities


You were in a sewer.
You visited 1 branch of the dungeon, and saw 3 of its levels.
You also visited: Sewer.

You collected 48 gold pieces.

Inventory:

Hand Weapons
 a - a +0 shortbow (weapon)
Armour
 c - a +0 leather armour
 j - a +0 pair of boots (worn)
 k - a +0 ring mail (worn)
 m - a +0 helmet (worn)
Scrolls
 b - 2 scrolls of immolation
 d - a scroll of blinking {unknown}
 e - a scroll of summoning {unknown}
 f - a scroll of teleportation {unknown}
 g - a scroll of fog {unknown}
 h - a scroll of identify
Potions
 i - a potion of curing
 l - a potion of flight
 o - a potion of mutation


   Skills:
 + Level 3.2 Fighting
 + Level 4.5 Ranged Weapons
 - Level 1.7 Dodging
 - Level 0.8 Stealth


You had 3 spell levels left.
You didn't know any spells.
Your spell library was empty.

Dungeon Overview and Level Annotations

Branches:
Dungeon (3/15)              Sewer (1/1)


Innate Abilities, Weirdness & Mutations

You have an increased reservoir of magic. (+10% MP)
You shall have no god before yourself.
Your divine heritage dramatically boosts your attributes as you level up.


Message History

You shoot an arrow. The arrow misses the water moccasin.
The water moccasin bites you!
You shoot an arrow.
The arrow closely misses the water moccasin.
The water moccasin bites you.
You are poisoned.
The water moccasin poisons you!
You shoot an arrow.
The arrow barely misses the water moccasin.
You feel very sick.
The water moccasin completely misses you.
You are too injured to fight recklessly!
Fire: a) +0 shortbow
Press: ? - help, Q - select action Shift-Dir - straight line, f/p - water moccasin
Aim: a water moccasin (almost dead, 50% to hit)
You shoot an arrow.
The arrow barely misses the water moccasin.
You feel sick. The water moccasin bites you.
* * * LOW HITPOINT WARNING * * *
The water moccasin bites you.
* * * LOW HITPOINT WARNING * * *
Fire: a) +0 shortbow
Press: ? - help, Q - select action Shift-Dir - straight line, f/p - water moccasin
Aim: a water moccasin (almost dead, 50% to hit)
You shoot an arrow.
The arrow closely misses the water moccasin.
* * * LOW HITPOINT WARNING * * *
You feel sick. The water moccasin bites you.
* * * LOW HITPOINT WARNING * * *
You are more poisoned.
The water moccasin poisons you!
Fire: a) +0 shortbow
Press: ? - help, Q - select action Shift-Dir - straight line, f/p - water moccasin
Aim: a water moccasin (almost dead, 50% to hit)
You shoot an arrow.
The arrow barely misses the water moccasin.
* * * LOW HITPOINT WARNING * * *
You feel very sick. The water moccasin bites you.
You die...

.
############....
∩.......@S!.....
#######.####....
#.# . #.# #.#
#.# #.# ##.##
##...##


You could see a water moccasin.

Vanquished Creatures
  Robin (D:2)
  2 adders
  3 worms
  A dart slug (D:2)
  2 bats (Sewer)
  2 endoplasms
  A giant cockroach (D:2)
  13 goblins
  8 hobgoblins
  2 jackals (D:2)
  6 ball pythons
  2 frilled lizards (D:2)
  2 kobolds (D:1)
  7 rats
52 creatures vanquished.

Vanquished Creatures (others)
  2 fungi (D:2)
  2 plants (D:2)
4 creatures vanquished.

Grand Total: 56 creatures vanquished

Notes
Turn   | Place    | Note
-------+----------+-------------------------------------------
     0 | D:1      | zishaf the Demigod Hunter began the quest for the Orb.
     0 | D:1      | Reached XP level 1. HP: 17/17 MP: 3/3
   463 | D:1      | Reached XP level 2. HP: 24/24 MP: 4/4
   944 | D:2      | Reached skill level 4 in Ranged Weapons
  1295 | D:2      | Noticed Robin
  1310 | D:2      | Killed Robin
  1311 | D:2      | Reached XP level 3. HP: 21/30 MP: 5/5
  1995 | D:3      | Found a glowing drain.
  2003 | D:3      | Reached XP level 4. HP: 35/38 MP: 6/6
  2025 | Sewer    | Entered a sewer
  2046 | Sewer    | Noticed a water moccasin
  2061 | Sewer    | HP: 1/38 [poisoned by a water moccasin]
  2061 | Sewer    | Slain by a water moccasin

Illustrated notes

Levels and vault maps discovered:
D:1:      sevenhm_arrival_forest_fort_small_4, layout_loops_corners
D:2:      layout_basic, shapermc_ecumenical_altar_ellora, minmay_crystal_room,
          roderic_lattice_a, moated_statue, uniq_robin
D:3:      layout_rooms, portal_sewer_entry_a
Sewer:    sewer_big_baddie

Skill      XL: |  1  2  3 |
---------------+----------+-----
Fighting       | 2 3 |  3.2
Ranged Weapons | 4 |  4.5
Dodging        | |  1.7
Stealth        | |  0.8

Action                   |  1- 3 |  4- 6 || total
-------------------------+-------+-------++-------
 Fire: Shortbow          |   137 |    20 ||   157
  Use: Scroll            |     2 |     3 ||     5
       Potion            |       |     1 ||     1
Armor: Ring mail         |    22 |     2 ||    24
Dodge: Dodged            |    24 |     6 ||    30

Table legend: (Time is in decaauts)
 A = Elapsed time spent in this place.
 B = Non-inter-level travel time spent in this place.
 C = Inter-level travel time spent in this place.
 D = Time resting spent in this place.
 E = Time spent auto-exploring this place.
 F = Levels seen in this place.
 G = Mean time per level.
                   A        B        C        D        E       F      G
               +--------+--------+--------+--------+--------+-----+--------+
         Total |   2125 |   2070 |     55 |      0 |   1706 |   4 |  531.2 |
       Dungeon |   2089 |   2034 |     55 |      0 |   1690 |   3 |  696.3 |
         Sewer |     36 |     36 |      0 |      0 |     16 |   1 |   36.0 |
               +--------+--------+--------+--------+--------+-----+--------+

Top non-repeatable levels by time:
     D:2: 1121 daAuts
     D:1: 895 daAuts
     D:3: 72 daAuts
   Sewer: 36 daAuts
